Map: Ley Lines

Players

NiceStrategy

  • Race: Terran Terran
  • Spawn Location: 7:00

A.I. 2 (Elite) - Winner!

  • Race: Zerg Zerg
  • Spawn Location: 1:00

VOD

Have the link to the VOD?

Description

Time

  • Played on: Aug. 7, 2025, 8:33 a.m.
  • Length: 7:56
Show
View Real Time Build Order
Export as new Build Order

NiceStrategy Terran 

Build Orders: 2 Factory, Hellion Opening 

Get SALT Encoding   

  12  0:00  SCV  
  13  0:12  SCV  
  14  0:16  Supply Depot  
  14  0:24  SCV  
  15  0:29  Refinery  
  15  0:38  SCV  
  16  0:43  Barracks  
  16  0:50  SCV  
  16  0:54  Refinery  
  17  1:02  SCV  
  18  1:14  SCV  
  19  1:30  Orbital Command  
  19  1:31  Factory  
  19  1:36  Barracks Reactor  
  19  1:44  Supply Depot  
  19  1:56  SCV  
  20  2:09  SCV  
  20  2:13  Command Center  
  21  2:21  SCV  
  22  2:24  Hellion  
  22  2:25  Hellion  
  26  2:31  Supply Depot  
  26  2:33  SCV  
  27  2:46  Hellion  
  27  2:50  Hellion  
  31  2:53  SCV  
  31  2:56  Supply Depot  
  32  3:05  SCV  
  33  3:15  Factory  
  33  3:17  SCV  
  33  3:18  Factory  
  34  3:20  Barracks Tech Lab  
  34  3:26  Hellion  
  36  3:27  Hellion  
  39  3:34  SCV  
  38  3:49  SCV  
  38  3:52  Orbital Command  
  32  4:00  Hellion  
  32  4:01  Hellion  
  36  4:03  SCV  
  36  4:06  Factory Tech Lab  
  36  4:07  Infernal Pre-Igniter  
  39  4:15  SCV, Cyclone  
  41  4:18  SCV  
  41  4:22  Hellion  
  44  4:27  SCV, Mag-Field Accelerator  
  44  4:28  Cyclone  
  44  4:30  SCV  
  49  4:36  Hellion  
  51  4:39  Supply Depot, SCV  
  51  4:42  SCV  
  51  4:43  Hellion  
  55  4:47  Cyclone  
  55  4:52  SCV  
  59  4:54  Refinery  
  59  4:55  Refinery  
  59  4:56  SCV  
  59  4:58  Hellion  
  62  5:04  SCV  
  63  5:08  Supply Depot  
  63  5:11  SCV  
  64  5:15  Cyclone  
  64  5:16  SCV  
  64  5:20  Supply Depot  
  68  5:23  SCV  
  69  5:29  Cyclone  
  69  5:30  Hellion  
  69  5:31  Supply Depot  
  69  5:34  SCV  
  75  5:43  Factory  
  75  5:44  Factory  
  75  5:45  SCV  
  75  5:46  SCV  
  79  5:50  Hellion  
  79  5:55  Cyclone  
  82  5:57  SCV  
  82  6:03  Cyclone  
  86  6:05  Supply Depot  
  86  6:09  SCV  
  87  6:13  SCV  
  88  6:19  Armory  
  88  6:20  Hellion  
  88  6:22  SCV  
  91  6:25  SCV  
  91  6:31  Factory Reactor, Factory Tech Lab  
  95  6:32  Cyclone  
  95  6:33  Hellion  
  95  6:34  SCV  
  98  6:41  Supply Depot  
  98  6:49  Supply Depot  
  98  6:53  Cyclone  
  101  6:54  SCV  
  102  7:02  Cyclone  
  102  7:03  Hellion x2  
  102  7:07  Supply Depot  
  109  7:15  SCV, Hellion  
  110  7:18  SCV  
  110  7:23  Supply Depot  
  113  7:30  SCV  
Show
View Real Time Build Order
Export as new Build Order

A.I. 2 (Elite) Zerg - Winner!

Build Orders: Pool First 

Get SALT Encoding   

  12  0:00  Drone  
  13  0:12  Overlord  
  13  0:16  Drone  
  14  0:30  Drone  
  14  0:31  Drone  
  16  0:43  Spawning Pool  
  16  0:45  Drone  
  16  0:49  Drone  
  17  1:12  Hatchery, Drone  
  17  1:17  Extractor  
  17  1:18  Drone  
  17  1:21  Drone  
  18  1:28  Drone  
  19  1:38  Overlord  
  19  1:49  Queen, Drone  
  22  2:00  Zergling x2  
  23  2:10  Drone  
  24  2:21  Drone  
  25  2:25  Queen  
  25  2:27  Roach Warren  
  26  2:32  Drone  
  27  2:38  Extractor  
  27  2:39  Drone  
  27  2:45  Overlord  
  27  2:48  Drone  
  28  2:52  Drone  
  28  2:54  Drone  
  28  2:57  Drone  
  30  3:04  Zergling x2  
  31  3:06  Drone  
  31  3:08  Zergling x2  
  31  3:11  Zergling x2  
  34  3:16  Roach  
  36  3:21  Roach  
  36  3:25  Roach  
  40  3:28  Roach  
  40  3:31  Zergling x2  
  42  3:34  Drone  
  42  3:36  Drone  
  42  3:41  Drone  
  42  3:46  Drone  
  37  3:54  Drone  
  30  4:00  Drone  
  31  4:05  Drone  
  31  4:08  Drone  
  33  4:12  Drone  
  33  4:16  Drone  
  35  4:19  Drone  
  35  4:23  Drone  
  37  4:27  Drone  
  37  4:30  Drone  
  39  4:35  Zergling x2  
  39  4:38  Drone  
  41  4:41  Drone  
  42  4:50  Lair  
  42  4:55  Overlord  
  42  5:00  Overlord  
  42  5:13  Drone  
  43  5:15  Drone  
  43  5:18  Drone  
  43  5:20  Drone  
  46  5:22  Drone  
  46  5:25  Drone  
  46  5:27  Drone  
  49  5:30  Drone  
  49  5:32  Drone  
  49  5:35  Drone  
  52  5:39  Overlord  
  52  5:42  Drone  
  53  5:43  Drone  
  53  5:45  Drone  
  53  5:47  Drone  
  53  5:49  Zergling x2  
  55  5:51  Hydralisk Den, Drone  
  55  5:53  Drone  
  55  5:55  Zergling x2  
  57  5:57  Drone  
  57  5:59  Roach  
  57  6:02  Roach  
  53  6:04  Roach  
  53  6:07  Roach  
  53  6:08  Drone  
  53  6:10  Drone  
  58  6:12  Zergling x2  
  58  6:15  Zergling x2  
  58  6:16  Overlord  
  58  6:18  Drone  
  58  6:19  Drone  
  58  6:23  Roach  
  58  6:24  Hydralisk  
  61  6:26  Infestation Pit  
  58  6:34  Overlord  
  58  6:38  Roach  
  58  6:42  Zergling x4  
  58  6:43  Roach  
  58  6:52  Overlord, Hydralisk x2, Roach  
  63  6:57  Hydralisk  
  63  7:00  Drone  
  55  7:08  Infestor  
  55  7:15  Zergling x2  
  55  7:18  Zergling x2  
  55  7:21  Roach  
  45  7:26  Roach  
  45  7:32  Roach  
Tags
 
Add a new tag
Caveats
  • Supply blocks, unpowered buildings, or Contaminate may cause inaccurate times.
  • Supply counts are checked every 10 seconds.